 Dungeon Crawl Stone Soup version 0.30-a0-845-g7c6808c8ce (webtiles) character file.

Game seed: 11838608703019485123

221 Drevant2 the Gusty (level 5, 0/38 HPs)
             Began as a Draconian Air Elementalist on Mar 3, 2023.
             Slain by Pargi (4 damage)
             ... on level 3 of the Dungeon.
             The game lasted 00:08:42 (3781 turns).

Drevant2 the Gusty (Draconian Air Elementalist)     Turns: 3781, Time: 00:08:43

Health: 0/38       AC:  5    Str: 11    XL:     5   Next: 65%
Magic:  8/8        EV: 12    Int: 17    God:
Gold:   152        SH:  0    Dex: 11    Spells: 5/8 levels left

rFire   . . .      SeeInvis .    j - staff of air
rCold   . . .      Faith    .    (no shield)
rNeg    . . .      Spirit   .    (body armour unavailable)
rPois   .          Reflect  .    (helmet restricted)
rElec   +          Rampage  .    (no cloak)
rCorr   .                        (no gloves)
Will    .....                    (no boots)
Stlth   +                        (no amulet)
HPRegen 0.26/turn                (no ring)
MPRegen 0.11/turn                (no ring)

@: confused, lethally poisoned (0 -> -20), about to teleport, ambrosia-drunk
A: AC +5, unfitting armour, cold-blooded
a: no special abilities


You were on level 3 of the Dungeon.
You visited 1 branch of the dungeon, and saw 4 of its levels.

You collected 152 gold pieces.

Inventory:

Hand Weapons
 d - a +0 dagger
Magical Staves
 j - a staff of air (weapon)
Wands
 l - a wand of polymorph (6)
 o - a wand of mindburst (12)
Scrolls
 b - 2 scrolls of enchant armour
 c - a scroll of immolation {unknown}
 e - a scroll of identify
 h - a scroll of vulnerability {unknown}
 k - 2 scrolls of amnesia
 n - a scroll of acquirement {unknown}
 p - a scroll of fear {unknown}
 q - a scroll of teleportation
 r - a scroll of magic mapping {unknown}
Potions
 a - 2 potions of magic
 g - a potion of ambrosia
 i - 2 potions of mutation {unknown}
 m - a potion of attraction {unknown}
 s - a potion of flight {unknown}


   Skills:
 - Level 1.7 Dodging
 - Level 1.7 Stealth
 - Level 2.0 Spellcasting
 + Level 4.0 Conjurations
 + Level 5.0 Air Magic


You had 5 spell levels left.
You knew the following spells:

 Your Spells              Type           Power      Damage    Failure   Level
a - Shock                 Conj/Air       100%       1d9       3%          1
b - Static Discharge      Conj/Air       50%        2-5/arc   4%          2

Your spell library contained the following spells:

 Spells                   Type           Power      Damage    Failure   Level
 Swiftness                Air            28%        N/A       8%          3
 Sandblast                Erth           2%         2d4       19%         1
 Slow                     Hex            4%         N/A       19%         1
 Airstrike                Air            14%        2d(2-18)  24%         4
 Stone Arrow              Conj/Erth      16%        3d8       26%         3
 Passwall                 Tmut/Erth      0%         N/A       28%         2
 Confusing Touch          Hex            1%         N/A       50%         3
 Inner Flame              Hex/Fire       1%         N/A       50%         3
 Vampiric Draining        Necr           1%         2d6       50%         3
 Cause Fear               Hex            0%         N/A       88%         4
 Discord                  Hex            0%         N/A       100%        8


Dungeon Overview and Level Annotations

Branches:
Dungeon (4/15)
 Temple: D:4-7

Altars:
Cheibriados
Yredelemnul

Annotations:
D:3 Pargi


Innate Abilities, Weirdness & Mutations

Your plain brown scales are hard. (AC +5)
You cannot fit into any form of body armour.
You are cold-blooded and may be slowed by cold attacks.


Message History

[Y]es or [N]o only, please.
Really abort (and waste the scroll)? [Y]es or [N]o only, please.
Really abort (and waste the scroll)?
Okay, then.
The scorpion stings you.
* * * LOW HITPOINT WARNING * * *
You are poisoned.
The scorpion poisons you!
Pargi closely misses you. x2; Pargi claws you.
* * * LOW HITPOINT WARNING * * *
The scorpion closely misses you.
You feel better. Pargi bites you.
* * * LOW HITPOINT WARNING * * *
Pargi claws you.
* * * LOW HITPOINT WARNING * * *
Pargi claws you but does no damage. The scorpion stings you.
* * * LOW HITPOINT WARNING * * *
Okay, then.
As you read the scroll labelled GULECWY AKIXTA, it crumbles to dust.
You feel strangely unstable.
It was a scroll of teleportation.
Pargi bites you but does no damage. Pargi barely misses you.
Pargi closely misses you. The scorpion stings you.
* * * LOW HITPOINT WARNING * * *
You are lethally poisoned!
The scorpion poisons you! The scorpion attacks as you move away!
The scorpion stings you.
* * * LOW HITPOINT WARNING * * *
Pargi attacks as you move away! Pargi bites you.
* * * LOW HITPOINT WARNING * * *
Pargi closely misses you. Pargi barely misses you.
* * * LOW HITPOINT WARNING * * *
You feel sick.
You are confused.
You feel invigorated.
* * * LOW HITPOINT WARNING * * *
You feel sick. The scorpion stings you.
* * * LOW HITPOINT WARNING * * *
You are more poisoned.
The scorpion poisons you! Pargi bites you.
You die...

...#....###.#. .......
.#.#.# #.#.#. #####..#
.#...##.## .#.#.#. ..# .#
#..#.. ...... ...... ##
#..#.#####...## .....
####..#.##.......##.....
..................#[....
........................
...............s@....... .
................T..###.#..
..............)....###....
........................#
........(.....###...##.##
.............##...#.##.#
...†.......###..#.#$†..#
..#.....#####..##.##.##T..#
###....## ###.###.##.# ##


You could see Pargi and a scorpion.

Vanquished Creatures
  2 hounds (D:4)
  An orc priest (D:4)
  3 gnolls (D:4)
  2 adders
  2 worms (D:4)
  A dart slug (D:1)
  4 orcs (D:4)
  6 bats
  10 endoplasms
  3 giant cockroaches
  8 hobgoblins
  2 jackals (D:2)
  4 kobolds (D:2)
  3 quokkas
  6 ball pythons
  2 frilled lizards (D:1)
  6 goblins
  3 rats
68 creatures vanquished.

Notes
Turn   | Place    | Note
-------+----------+-------------------------------------------
     0 | D:1      | Drevant2 the Draconian Air Elementalist began the quest for
                  | the Orb.
     0 | D:1      | Reached XP level 1. HP: 14/14 MP: 3/3
   204 | D:1      | Reached XP level 2. HP: 20/20 MP: 3/5
  1067 | D:2      | Reached XP level 3. HP: 26/26 MP: 2/6
  1921 | D:3      | Noticed a scorpion
  2242 | D:3      | Reached skill level 4 in Air Magic
  2319 | D:3      | Found a snail-covered altar of Cheibriados.
  2413 | D:3      | Reached XP level 4. HP: 33/33 MP: 0/7
  2499 | D:4      | Found a basalt altar of Yredelemnul.
  2810 | D:4      | Reached XP level 5. HP: 33/38 MP: 0/8
  2910 | D:4      | Learned a level 2 spell: Static Discharge
  3437 | D:4      | Reached skill level 5 in Air Magic
  3762 | D:3      | Noticed Pargi
  3781 | D:3      | Slain by Pargi

Illustrated notes

Levels and vault maps discovered:
D:1:      dpeg_arrival_simpleton_a, layout_rooms, grunt_decor_arrowhead,
          minmay_misc_feat_x, chequers_serial_rivers_room_b, dk_noncrumbling_4
D:2:      layout_basic, chequers_decorated_corner
D:3:      layout_rooms, lemuel_round_altar, zin_scriptorium, uniq_pargi
D:4:      layout_basic, amcnicky_altar_gilded

Skill      XL: |  1  2  3  4  5 |
---------------+----------------+-----
Conjurations   | 2 3 4 |  4.0
Air Magic      | 4 5 |  5.0
Dodging        | |  1.7
Stealth        | |  1.7
Spellcasting   | |  2.0

Action                     |  1- 3 |  4- 6 || total
---------------------------+-------+-------++-------
  Melee: Unarmed           |     2 |       ||     2
         Dagger            |    13 |       ||    13
         Tailslap          |     4 |     2 ||     6
         Punch             |     1 |     1 ||     2
         Staff             |    31 |    15 ||    46
   Cast: Shock             |    65 |    45 ||   110
         Static Discharge  |       |     7 ||     7
    Use: Scroll            |       |     5 ||     5
         Potion            |       |     3 ||     3
   Stab: Sleeping          |     1 |       ||     1
         Distracted        |     1 |       ||     1
 Armour: Skin              |    20 |    14 ||    34
  Dodge: Dodged            |    38 |    25 ||    63

Table legend: (Time is in decaauts)
 A = Elapsed time spent in this place.
 B = Non-inter-level travel time spent in this place.
 C = Inter-level travel time spent in this place.
 D = Time resting spent in this place.
 E = Time spent auto-exploring this place.
 F = Levels seen in this place.
 G = Mean time per level.
                   A        B        C        D        E       F      G
               +--------+--------+--------+--------+--------+-----+--------+
         Total |   3796 |   3491 |    305 |   1022 |   1864 |   4 |  949.0 |
       Dungeon |   3796 |   3491 |    305 |   1022 |   1864 |   4 |  949.0 |
               +--------+--------+--------+--------+--------+-----+--------+

Top non-repeatable levels by time:
     D:2: 1306 daAuts
     D:4: 1211 daAuts
     D:1: 871 daAuts
     D:3: 406 daAuts
